 Dungeon Crawl Stone Soup version 0.22-a0-181-gb22368a (webtiles) character file.

8866 Amnesiac the Geomancer (level 11, 0/72 HPs)
             Began as a Mummy Earth Elementalist on Feb 14, 2018.
             Was a Priest of Ashenzari.
             Hit by a stone thrown by a minotaur (10 damage)
             ... in a labyrinth.
             The game lasted 00:31:35 (15030 turns).

Amnesiac the Geomancer (Mummy Earth Elementalist)  Turns: 15030, Time: 00:31:35

Health: 0/72       AC:  7    Str: 11    XL:     11   Next: 15%
Magic:  2/23       EV: 13    Int: 18    God:    Ashenzari [***...]
Gold:   368        SH:  0    Dex: 20    Spells: 5/26 levels left

rFire    x . .     SeeInvis +   a - +1 dagger (venom)
rCold    + + .     Gourm    .   (no shield)
rNeg     + + +     Faith    .   o - +1 leather armour of Insurance {rC+ Dex+7} (curse)
rPois    ∞         Spirit   .   (no helmet)
rElec    .         Reflect  .   (no cloak)
rCorr    .         Harm     .   s - +0 pair of gloves (curse)
MR       +....                  n - +1 pair of boots (curse)
Stlth    +++.......             (no amulet)
HPRegen  0.22/turn              u - ring of wizardry (curse)
MPRegen  0.18/turn              (no ring)

@: very slightly contaminated
A: no food or potions, fire vulnerability, cold resistance 1, negative energy
resistance 3, torment resistance, unbreathing
a: Curse Item, Scrying, Renounce Religion


You were in a labyrinth.
You worshipped Ashenzari.
Ashenzari was most pleased with you.
You were not hungry.

You visited 2 branches of the dungeon, and saw 13 of its levels.
You also visited: Labyrinth.

You collected 685 gold pieces.
You spent 317 gold pieces at shops.

Inventory:

Hand Weapons
 a - a +1 dagger of venom (weapon)
 b - a +0 blowgun
 w - a +1 dagger of speed
Missiles
 f - 217 stones (quivered)
 g - 8 curare-tipped needles
 k - 7 needles of paralysis
 p - 67 poisoned needles
Armour
 h - a +0 shield
 n - a cursed +1 pair of boots (worn)
 o - the cursed +1 leather armour of Insurance (worn) {rC+ Dex+7}
   (You bought it in a shop on level 8 of the Dungeon)

   It affects your dexterity (+7).
   It protects you from cold.
   It has a curse placed upon it.
 s - a cursed +0 pair of gloves (worn)
Jewellery
 u - a cursed ring of wizardry (left hand)
Wands
 e - a wand of digging (19)
Scrolls
 c - a scroll of fog {!r}
 i - 5 scrolls of identify {!r}
 j - a scroll of amnesia {!r}
 l - 3 scrolls of enchant weapon {!r}
 q - 4 scrolls of teleportation {!r}
 r - 3 scrolls of enchant armour {!r}
 t - a scroll of acquirement {!r}
 x - 5 scrolls of remove curse {!r}
 z - a scroll of holy word {!r, unknown}
Books
 d - a book of Geomancy

   Spells                             Type                      Level
   a - Sandblast                      Earth                        1
   b - Passwall                       Transmutation/Earth          2
   c - Stone Arrow                    Conjuration/Earth            3
   d - Petrify                        Transmutation/Earth          4
   e - Lee's Rapid Deconstruction     Earth                        5
 v - a book of Cantrips

   Spells                             Type                      Level
   a - Confusing Touch                Hexes                        1
   b - Animate Skeleton               Necromancy                   1
   c - Summon Small Mammal            Summoning                    1
   d - Apportation                    Translocation                1
 y - a book of Power

   Spells                             Type                      Level
   a - Iskenderun's Battlesphere      Conjuration/Charms           5
   b - Venom Bolt                     Conjuration/Poison           5
   c - Bolt of Magma                  Conjuration/Fire/Earth       5
   d - Iron Shot                      Conjuration/Earth            6
   e - Orb of Destruction             Conjuration                  7
   f - Spellforged Servitor           Conjuration/Summoning        7


   Skills:
 - Level 2.0 Fighting
 + Level 7.4 Short Blades
 - Level 2.0(3.4) Dodging
 - Level 3.0(4.6) Stealth
 - Level 8.0 Spellcasting
 - Level 8.0 Transmutations
 - Level 8.0 Earth Magic


You had 5 spell levels left.
You knew the following spells:

 Your Spells              Type           Power        Failure   Level  Hunger
a - Sandblast             Erth           #####.       1%          1    N/A
b - Passwall              Tmut/Erth      #####.....   1%          2    N/A
c - Stone Arrow           Conj/Erth      ###...       3%          3    N/A
d - Lee's Rapid Deconstr  Erth           #####.....   5%          5    N/A
e - Petrify               Tmut/Erth      #####...     1%          4    N/A
f - Animate Skeleton      Necr           N/A          5%          1    N/A
g - Apportation           Tloc           #.....       5%          1    N/A
h - Summon Small Mammal   Summ           #...         5%          1    N/A
i - Call Imp              Summ           #.......     8%          2    N/A
z - Confusing Touch       Hex            #.....       5%          1    N/A

Dungeon Overview and Level Annotations

Branches:
Dungeon (12/15)            Temple (1/1) D:4            Lair (0/6) D:9
    Orc (0/2) D:12

Altars:
Ashenzari
Cheibriados
Dithmenos
Elyvilon
Fedhas
Gozag
Hepliaklqana
Kikubaaqudgha
Makhleb
Nemelex Xobeh
Okawaru
Qazlal
Ru
Sif Muna
Trog
Uskayaw
Vehumet
Wu Jian
Xom
Yredelemnul
Zin
The Shining One

Shops:
D:7 *   D:8 *   D:11 ?

Portals:
Trove: D:10 (give 20 scrolls of identify)


Innate Abilities, Weirdness & Mutations

You do not eat or drink.
Your flesh is vulnerable to fire.
You are immune to poison.
Your flesh is cold resistant. (rC+)
You are immune to negative energy. (rN+++)
You are immune to unholy pain and torment.
You can survive without breathing.


Message History

Confirm with . or Enter, or press ? or * to list all spells.
Aiming: Lee's Rapid Deconstruction (safe; 5% risk of failure)
Press: ? - help, Dir - move target cursor The crystal wall shatters!
Casting: Lee's Rapid Deconstruction (safe; 5% risk of failure)
Confirm with . or Enter, or press ? or * to list all spells.
Aiming: Lee's Rapid Deconstruction (safe; 5% risk of failure)
Press: ? - help, Dir - move target cursor The crystal wall shatters!
You hear a bellow!
You start resting.
Magic restored.
Casting: Lee's Rapid Deconstruction (safe; 5% risk of failure)
Confirm with . or Enter, or press ? or * to list all spells.
Aiming: Lee's Rapid Deconstruction (safe; 5% risk of failure)
Press: ? - help, Dir - move target cursor The metal wall shatters!
You hear a bellow!
Casting: Lee's Rapid Deconstruction (safe; 5% risk of failure)
Confirm with . or Enter, or press ? or * to list all spells.
Aiming: Lee's Rapid Deconstruction (safe; 5% risk of failure)
Press: ? - help, Dir - move target cursor The metal wall shatters!
Casting: Lee's Rapid Deconstruction (safe; 5% risk of failure)
Confirm with . or Enter, or press ? or * to list all spells.
Aiming: Lee's Rapid Deconstruction (safe; 5% risk of failure)
Press: ? - help, Dir - move target cursor The metal wall shatters!
Casting: Lee's Rapid Deconstruction (safe; 5% risk of failure)
Confirm with . or Enter, or press ? or * to list all spells.
Aiming: Petrify (safe; 1% risk of failure)
Press: ? - help, Shift-Dir - straight line, f - minotaur
Aim: a minotaur, wielding a transparent quarterstaff {pain} and wearing a runed plate armour (chance to defeat MR: 6%)
The minotaur resists with almost no effort.
The minotaur throws a stone.
The stone hits you!
Casting: Petrify (safe; 1% risk of failure)
Confirm with . or Enter, or press ? or * to list all spells.
Aiming: Petrify (safe; 1% risk of failure)
Press: ? - help, Shift-Dir - straight line, f/p - minotaur
Aim: a minotaur, wielding a transparent quarterstaff {pain} and wearing a runed plate armour (chance to defeat MR: 6%)
The minotaur resists with almost no effort.
The minotaur throws a stone.
The stone hits you!!
* * * LOW HITPOINT WARNING * * *
The minotaur throws a stone.
The stone closely misses you.
You see here 2 stones.
Okay, then.
Really read
B - a scroll labeled QUL JIPTEWN {!r}?
As you read the scroll labeled QUL JIPTEWN {!r}, it crumbles to dust.
You feel momentarily disoriented.
It was a scroll of magic mapping {!r}.
The minotaur throws a stone.
The stone hits you!!
* * * LOW HITPOINT WARNING * * *
Really read
m - a scroll of blinking {!r}?
Blink to where?
Press: ? - help, Dir - move target cursor, p - minotaur You are very lightly contaminated with residual magic.
As you read the scroll of blinking {!r}, it crumbles to dust.
Really read
i - 6 scrolls of identify {!r}?
As you read the scroll of identify {!r}, it crumbles to dust.
A - a scroll of fear {!r} Really read
A - a scroll of fear {!r}?
As you read the scroll of fear {!r}, it crumbles to dust.
You assume a fearsome visage.
The minotaur easily resists.
The minotaur throws a stone.
The stone hits you!
You die...

, #H .#. .# ** #.
.#, #...# ** , ,
.#,*,*,#H# , , , *
. #.# , , , .*
#.#, * * #.#, ,
#.#,# * , , ,
.#.#######H#.#,
,###...(.H.(...#,
, ,,
#@....#...#.......
*,
###.###.###.#.####
#...#.. #. .#, , *
#,#.###.#.### *
.#,#, .... ,* * **
,* ### , *, , . .,
* * * * # , , * #*
, , ,


You could see a minotaur.

Vanquished Creatures
  2 two-headed ogres
  Joseph (D:8)
  A centaur zombie (D:11)
  2 trolls
  A slime creature (D:12)
  Eustachio (D:6)
  A vampire (D:10)
  A basilisk (D:11)
  A vampire mosquito (D:12)
  2 hungry ghosts (D:10)
  A soldier ant (D:12)
  A water moccasin (D:10)
  2 ice beasts
  A black bear (D:6)
  An orc warrior (D:6)
  2 sky beasts
  A phantom (D:4)
  8 ogres
  3 wolves
  3 centaurs
  A big kobold (D:10)
  8 bullfrogs
  3 scorpions
  2 wights (D:11)
  3 killer bees (D:7)
  2 howler monkeys (D:8)
  4 electric eels (D:9)
  4 crimson imps
  A bullfrog zombie (D:5)
  9 hounds
  4 jellies
  3 orc priests (D:6)
  2 quasits
  3 centaur skeletons
  3 iguanas
  7 orc wizards
  5 bullfrog skeletons
  11 worker ants
  2 worker ant zombies (D:10)
  4 gnolls (D:5)
  12 adders
  2 shadow imps
  5 oozes (D:12)
  2 adder zombies (D:5)
  3 worms
  2 dart slugs
  4 leopard geckos
  25 orcs
  4 giant cockroaches
  9 goblins
  7 hobgoblins
  10 jackals
  4 quokkas
  A ball python (D:1)
  9 bats
  6 frilled lizards
  A giant cockroach zombie (D:5)
  A jackal zombie (D:5)
  12 kobolds
  2 leopard gecko skeletons
  A leopard gecko zombie (D:5)
  2 quokka zombies (D:5)
  9 rats
  A spectral orc (D:9)
251 creatures vanquished.

Notes
Turn   | Place    | Note
-------+----------+-------------------------------------------
     0 | D:1      | Amnesiac the Mummy Earth Elementalist began the quest for the Orb.
     0 | D:1      | Reached XP level 1. HP: 13/13 MP: 4/4
   463 | D:1      | Reached XP level 2. HP: 16/19 MP: 0/5
   474 | D:1      | Learned a level 2 spell: Passwall
   623 | D:2      | Reached XP level 3. HP: 24/24 MP: 4/8
   974 | D:2      | Reached XP level 4. HP: 24/30 MP: 6/9
   988 | D:2      | Learned a level 4 spell: Petrify
  1042 | D:3      | Learned a level 3 spell: Stone Arrow
  1111 | D:4      | Found a staircase to the Ecumenical Temple.
  1120 | Temple   | Entered the Ecumenical Temple
  1168 | Temple   | Became a worshipper of Ashenzari the Shackled
  2590 | D:2      | Found a sacrificial altar of Ru.
  2687 | D:1      | Reached XP level 5. HP: 33/35 MP: 0/11
  3800 | D:3      | Found a glowing golden altar of the Shining One.
  4044 | D:3      | Reached * piety under Ashenzari
  4526 | D:4      | Reached skill level 1 in Short Blades
  4599 | D:4      | Reached XP level 6. HP: 33/41 MP: 11/13
  4841 | D:4      | Found a sparkling altar of Nemelex Xobeh.
  5194 | D:4      | Reached skill level 5 in Spellcasting
  5194 | D:4      | Reached skill level 5 in Earth Magic
  5534 | D:5      | Entered Level 5 of the Dungeon
  5696 | D:5      | Reached XP level 7. HP: 40/46 MP: 11/15
  5793 | D:5      | Learned a level 5 spell: Lee's Rapid Deconstruction
  6284 | D:5      | Reached skill level 1 in Transmutations
  6699 | D:6      | Found an ornate altar of the Wu Jian Council.
  6776 | D:6      | Got the falchion of Domination {flame, rElec rF- MR+ Int+4}
  6890 | D:6      | Reached XP level 8. HP: 46/52 MP: 9/17
  7319 | D:6      | Found a blossoming altar of Fedhas.
  7496 | D:6      | Found a shadowy altar of Dithmenos.
  7520 | D:6      | Noticed Eustachio
  7536 | D:6      | Killed Eustachio
  7814 | D:6      | Learned a level 1 spell: Confusing Touch
  7816 | D:6      | Learned a level 1 spell: Animate Skeleton
  7818 | D:6      | Learned a level 1 spell: Apportation
  7820 | D:6      | Learned a level 1 spell: Summon Small Mammal
  7997 | D:7      | Reached skill level 5 in Transmutations
  7998 | D:7      | Found Cooxuask's General Store.
  8179 | D:7      | Found a sacrificial altar of Ru.
  8194 | D:7      | Bought a scroll of identify for 24 gold pieces
  8252 | D:7      | Found a white marble altar of Elyvilon.
  8448 | D:7      | Reached XP level 9. HP: 41/57 MP: 15/18
  8606 | D:7      | Found a faded altar of an unknown god.
  8606 | D:7      | Found a faded altar of an unknown god.
  8611 | D:7      | Found an opulent altar of Gozag.
  8613 | D:7      | Found a hide-covered altar of Uskayaw.
  8615 | D:7      | Found a burning altar of Makhleb.
  8747 | D:7      | Identified the +6 falchion of Domination {flame, rElec rF- MR+ Int+4} (You found it on level 6 of the Dungeon)
  8844 | D:8      | Reached ** piety under Ashenzari
  8892 | D:8      | Found Qeepneisk's Assorted Antiques.
  8912 | D:8      | Bought a shimmering leather armour for 203 gold pieces
  8922 | D:8      | Identified the +1 leather armour of Insurance {rC+ Dex+7} (You bought it in a shop on level 8 of the Dungeon)
  8953 | D:8      | Found a bloodstained altar of Trog.
  8960 | D:8      | Found an ancient bone altar of Kikubaaqudgha.
  9478 | D:8      | Noticed Joseph
  9707 | D:8      | Killed Joseph
 10311 | D:8      | Found a bloodstained altar of Trog.
 10317 | D:8      | Found an ancient bone altar of Kikubaaqudgha.
 10339 | D:8      | Found Qeepneisk's Assorted Antiques.
 10874 | D:9      | Noticed a troll
 10883 | D:9      | Killed a troll
 11183 | D:9      | Found a shadowy altar of Dithmenos.
 11208 | D:9      | Found a basalt altar of Yredelemnul.
 11543 | D:9      | Reached XP level 10. HP: 57/63 MP: 15/20
 11565 | D:9      | Found a staircase to the Lair.
 11597 | D:9      | Found a snail-covered altar of Cheibriados.
 11847 | D:9      | Learned a level 2 spell: Call Imp
 11849 | D:9      | Identified a scroll of acquirement {!r}
 12534 | D:10     | Entered Level 10 of the Dungeon
 12538 | D:10     | Noticed a two-headed ogre
 12549 | D:10     | Killed a two-headed ogre
 12549 | D:10     | Reached skill level 1 in Fighting
 12920 | D:10     | Found a portal to a secret trove of treasure.
 13211 | D:10     | Reached *** piety under Ashenzari
 13241 | D:10     | Reached skill level 5 in Short Blades
 13788 | D:11     | Found Ovetuvefa's Magic Scroll Shop.
 13801 | D:11     | Bought a scroll of identify for 32 gold pieces
 13898 | D:8      | Bought a scroll of identify for 58 gold pieces
 14314 | D:12     | Found a staircase to the Orcish Mines.
 14325 | D:12     | Reached XP level 11. HP: 72/72 MP: 19/23
 14347 | D:12     | Noticed a two-headed ogre
 14359 | D:12     | Killed a two-headed ogre
 14471 | D:12     | Noticed an eight-headed hydra
 14472 | D:12     | Noticed a brown ugly thing
 14474 | D:12     | Noticed a two-headed ogre
 14475 | D:12     | Noticed a cyan ugly thing
 14477 | D:12     | Noticed a two-headed ogre
 14478 | D:12     | Found a labyrinth entrance.
 14481 | Lab      | Entered a labyrinth
 14990 | Lab      | Noticed a minotaur
 15030 | Lab      | Hit by a stone thrown by a minotaur

Vault maps used:
D:1:      shiori_arrival_elements, minivault_25
D:2:      nicolae_ru_great_annihilating_truth
D:3:      tso_oasis_becter, first_ration
D:4:      nemelex_xobeh_ov_fountains_minmay, minmay_temple_entry_fiery,
          grunt_ministairs_3
D:5:      serial_undead, serial_undead_c, serial_undead_b, serial_undead_d,
          serial_undead_a
D:6:      lemuel_doored_altar, lemuel_round_altar,
          grunt_dithmenos_smoke_and_mirrors, uniq_eustachio
D:7:      elyvilon_altar_3, chequers_temple_overflow_minitemple, serial_shops,
          nicolae_shop_waterfront, basic_altar
D:8:      minitemple, serial_shops, nicolae_shop_overgrown_old_shop, uniq_joseph
D:9:      slow_altar_1, yredelemnul_forgotten_temple_becter, erik_lair_island,
          basic_altar
D:10:     nicolae_trove_entry_crossroad
D:11:     serial_shops, shop
D:12:     minmay_orc_entry_guard_dogs, lab_entry_generic,
          hangedman_little_slice_of_home, minmay_evil_grid
Temple:   jpeg_temple_alley_garden
Lab:      labyrinth_spiral, lab_fountain, lab_block, labyrinth_skeletal_remains

Skill      XL: |  1  2  3  4  5  6  7  8  9 10 11 |
---------------+----------------------------------+-----
Spellcasting   | 3 4 5 6 7 8 |  8.0
Earth Magic    | 3 4 5 6 7 8 |  8.0
Short Blades   | 1 2 3 4 6 7 |  7.4
Stealth        | 2 3 |  3.0
Transmutations | 1 5 7 8 |  8.0
Dodging        | 2 |  2.0
Fighting       | 2 |  2.0

Action                   |  1- 3 |  4- 6 |  7- 9 | 10-12 || total
-------------------------+-------+-------+-------+-------++-------
Melee: Unarmed           |    50 |    14 |       |       ||    64
       Dagger            |       |   166 |   374 |   195 ||   735
 Cast: Sandblast         |    24 |    17 |    29 |    23 ||    93
       Stone Arrow       |       |    42 |       |       ||    42
       Passwall          |       |     1 |     4 |    10 ||    15
       Petrify           |       |     2 |    34 |    51 ||    87
       Lee's Rapid Decon |       |       |     7 |     8 ||    15
Invok: Curse Item        |       |       |     3 |       ||     3
  Use: Scroll            |       |       |     6 |     9 ||    15
 Stab: Sleeping          |     1 |    10 |     5 |    11 ||    27
       Paralysed         |       |     2 |       |       ||     2
       Petrified         |       |    13 |    55 |    40 ||   108
       Petrifying        |       |       |     6 |    18 ||    24
Armor: Robe              |    14 |    26 |    41 |       ||    81
       Leather armour    |       |       |    18 |    59 ||    77
Dodge: Dodged            |    37 |   131 |   164 |   125 ||   457

Table legend:
 A = Spawn XP
 B = Non-spawn XP
 C = Spawn XP percentage of total XP
 D = Spawn monster count
 E = Non-spawn monster count
 F = Spawn count percentage of total count
 G = Total turns spent on level
                    A         B        C        D         E        F      G
               +---------+---------+-------+---------+---------+-------+---------
         Total |       0 |   12666 |   0.0 |       0 |     251 |   0.0 | 15030
               +---------+---------+-------+---------+---------+-------+---------
           D:1 |       0 |      63 |   0.0 |       0 |      16 |   0.0 |  1094
           D:2 |       0 |     134 |   0.0 |       0 |      30 |   0.0 |  1985
           D:3 |       0 |     114 |   0.0 |       0 |      32 |   0.0 |  1019
           D:4 |       0 |     264 |   0.0 |       0 |      11 |   0.0 |  1244
           D:5 |       0 |     542 |   0.0 |       0 |      24 |   0.0 |  1085
           D:6 |       0 |     934 |   0.0 |       0 |      21 |   0.0 |  1292
           D:7 |       0 |    1100 |   0.0 |       0 |      16 |   0.0 |   856
           D:8 |       0 |    1336 |   0.0 |       0 |      20 |   0.0 |  2329
           D:9 |       0 |    1685 |   0.0 |       0 |      29 |   0.0 |  1538
          D:10 |       0 |    3198 |   0.0 |       0 |      27 |   0.0 |  1022
          D:11 |       0 |    1533 |   0.0 |       0 |      10 |   0.0 |   635
          D:12 |       0 |    1763 |   0.0 |       0 |      15 |   0.0 |   190
               +---------+---------+-------+---------+---------+-------+---------
